 Dungeon Crawl Stone Soup version 0.31-a0-200-gbc41564c69 (webtiles) character file.

Game seed: 4326612278189795669

24 qw the Shooter (level 2, 0/16 HPs)
             Began as a Deep Elf Hunter on June 25, 2023.
             Slain by a gnoll
             ... wielding a +0 whip
              (5 damage)
             ... on level 2 of the Dungeon.
             The game lasted 00:00:17 (1045 turns).

qw the Shooter (Deep Elf Hunter)                    Turns: 1045, Time: 00:00:17

Health: 0/16       AC:  5    Str:  8    XL:     2   Next: 79%
Magic:  4/4        EV: 10    Int: 13    God:
Gold:   78         SH:  0    Dex: 18    Spells: 1/1 levels left

rFire   . . .        Y - +0 shortbow
rCold   . . .        (shield currently unavailable)
rNeg    . . .        i - +0 ring mail
rPois   .            (no helmet)
rElec   .            f - scarf {repulsion}
rCorr   .            (no gloves)
SInv    .            (no boots)
Will    .....        e - amulet of faith
Stlth   +            (no ring)
HPRegen 0.22/turn    (no ring)
MPRegen 0.09/turn

%: repel missiles, faith
@: no status effects
A: no striking features
a: no special abilities


You were on level 2 of the Dungeon.
You visited 1 branch of the dungeon, and saw 2 of its levels.

You collected 78 gold pieces.


   Skills:
 - Level 1.5 Fighting
 + Level 6.5 Ranged Weapons
 - Level 2.4 Dodging
 - Level 1.2 Stealth


You had one spell level left.
You didn't know any spells.
Your spell library was empty.

Inventory:

Hand Weapons
 Y - a +0 shortbow (weapon)
Armour
 f - a scarf of repulsion (worn)
 i - a +0 ring mail (worn)
Jewellery
 a - the ring "Uzyfaif" {Wiz MP+9}
   (You found it on level 2 of the Dungeon)

   [ring of wizardry]

   It improves your spell success rate.
   MP:        It affects your magic capacity (+9).
 e - an amulet of faith (around neck)
Scrolls
 g - a scroll of identify
Potions
 h - 2 potions of curing {unknown}
 j - a potion of haste {unknown}

Dungeon Overview and Level Annotations

Branches:
Dungeon (2/15)

Altars:


Message History

You shoot an arrow.
The arrow hits the ball python but does no damage.
You shoot an arrow. The arrow hits the ball python.
You kill the ball python!
There is a shaft here.
You see here a ball python corpse.
Found a stone staircase leading down.
Enter note:
Enter note:
There is a stone staircase leading down here.
You now have 78 gold pieces (gained 9).
Found a stone staircase leading down.
Enter note:
Enter note: A gnoll comes into view. It is wielding a +0 whip.
You see here a fizzy red potion.
Enter note:
Enter note: You shoot an arrow.
The arrow hits the gnoll but does no damage.
You hear a shout!
A gnoll comes into view. It is wielding a +0 whip.
The gnoll closely misses you.
You hear an angry hiss. x2
You shoot an arrow.
The arrow hits the gnoll but does no damage.
The gnoll closely misses you.
A frilled lizard comes into view.
A gnoll comes into view. It is wielding a +0 whip. x2
You shoot an arrow.
The arrow hits the gnoll but does no damage.
The gnoll hits you with a +0 whip.
You shoot an arrow. The arrow closely misses the gnoll.
The gnoll closely misses you. The gnoll barely misses you.
The gnoll hits you with a +0 whip.
You shoot an arrow. The arrow closely misses the gnoll.
The gnoll hits you but does no damage. The gnoll hits you with a +0 whip.
You shoot an arrow. The arrow closely misses the gnoll.
The gnoll hits you with a +0 whip.
You die...

#..####### #.# #.# #..#
###########.# #.# #..#
#...........# #.# #.^#
#.########..# .)# #..#
#.# #..# ### #.%# #.#
#..# #..###>##### #..#
#..........# #..#
#..........# #.@#
######.###......gg.l....
#.# #.##....g...... #.#
#.#.##?...## #.# #.#.
...## ... .... ..>.# ###
## ## ...# ...#


You could see 3 gnolls and a frilled lizard.

Vanquished Creatures
  A dart slug (D:2)
  An endoplasm (D:1)
  3 giant cockroaches
  A goblin (D:2)
  4 hobgoblins
  A quokka (D:2)
  3 ball pythons
  A bat (D:1)
  2 frilled lizards (D:1)
  2 kobolds
  2 rats (D:1)
21 creatures vanquished.

Notes
Turn   | Place    | Note
-------+----------+-------------------------------------------
     0 | D:1      | qw the Deep Elf Hunter began the quest for the Orb.
     0 | D:1      | Reached XP level 1. HP: 12/12 MP: 3/3
     0 | D:1      | 0 ||| qw: Version: 0.3-a-22-g0ed2b0b
     0 | D:1      | 0 ||| qw: Game counter: 5693
     0 | D:1      | 0 ||| qw: Melee chars always use a shield: true
     0 | D:1      | 0 ||| qw: God list: Okawaru
     0 | D:1      | 0 ||| qw: Allow faded altars: false
     0 | D:1      | 0 ||| qw: Do Orc after clearing Dungeon:15 true
     0 | D:1      | 0 ||| qw: Do second Lair branch before Depths: true
     0 | D:1      | 0 ||| qw: Lair rune preference: random
     0 | D:1      | 0 ||| qw: Goals: Normal
     0 | D:1      | 0 ||| PLANNING D:1-11
   231 | D:1      | Reached skill level 6 in Ranged Weapons
   231 | D:1      | Reached XP level 2. HP: 16/16 MP: 4/4
   677 | D:1      | 677 ||| UPGRADING to scarf of repulsion.
   682 | D:1      | 682 ||| UPGRADING to +0 ring mail.
   692 | D:1      | 692 ||| DROPPING +0 leather armour.
   693 | D:1      | 693 ||| UPGRADING to amulet of faith.
   698 | D:1      | 698 ||| READING scroll labelled MEANE VOAGOZIU.
   799 | D:1      | 799 ||| READING 2 scrolls labelled OPACAZ REIMOMI.
   800 | D:1      | 800 ||| DROPPING scroll of butterflies.
   867 | D:2      | Identified the ring "Uzyfaif" {Wiz MP+9}
  1045 | D:2      | Slain by a gnoll

Levels and vault maps discovered:
D:1:      kennysheep_arrival_forest, layout_loops_ring,
          hangedman_decor_clover_reticule, minmay_pentomino_u4
D:2:      layout_loops_ring

Skill      XL: |  1 |
---------------+----+-----
Ranged Weapons | 6 |  6.5
Fighting       | |  1.5
Dodging        | |  2.4
Stealth        | |  1.2

Action                     || total
---------------------------++-------
   Fire: Shortbow          ||    59
    Use: Scroll            ||     2
 Armour: Leather armour    ||     2
         Ring mail         ||     4
  Dodge: Dodged            ||    19
         Repelled          ||     1

Table legend:
 A = Non-vault XP
 B = Vault XP
 C = Vault XP percentage of total XP
 D = Non-vault monster count
 E = Vault monster count
 F = Vault count percentage of total count
                 A         B        C        D         E       F
            +---------+---------+-------+---------+---------+-------
      Total |      32 |       3 |   8.6 |      18 |       3 |  14.3
            +---------+---------+-------+---------+---------+-------
        D:1 |      17 |       3 |  15.0 |      11 |       3 |  21.4
        D:2 |      15 |       0 |   0.0 |       7 |       0 |   0.0
            +---------+---------+-------+---------+---------+-------
